 Dungeon Crawl Stone Soup version 0.16.1-51-g6203257 (webtiles) character file.

10065 RepoMan the Thaumaturge (level 11, -5/73 (74) HPs)
             Began as a Ghoul Wizard on July 12, 2015.
             Was a High Priest of Kikubaaqudgha.
             Slain by a yak (16 damage)
             ... on level 1 of the Lair of Beasts on July 15, 2015.
             The game lasted 03:22:23 (13946 turns).

RepoMan the Thaumaturge (Ghoul Wizard)             Turns: 13946, Time: 03:22:23

HP:   -5/73 (74)    AC:  4    Str: 12      XL:     11   Next: 56%
MP:   9/38          EV: 11    Int: 16      God:    Kikubaaqudgha [*****.]
Gold: 83            SH:  0    Dex:  6 (7)  Spells: 9 memorised, 6 levels left

rFire  . . .     SeeInvis .     S - staff of wizardry
rCold  + . .     Clarity  .     O - +0 robe
rNeg   + + +     SustAb   +     (no shield)
rPois  ∞         Gourm    .     b - +1 hat
rElec  .         Spirit   .     I - +0 cloak
rCorr  +         Warding  .     (no gloves)
rMut   .         Stasis   .     (no boots)
MR     .....                    r - amulet of resist corrosion
Stlth  +.........               q - ring of sustain abilities
                                h - ring of magical power

@: contaminated, rotting, glowing, not resistant to hostile enchantments, very
unstealthy
A: rotting body, claws 1, carnivore 3, cold resistance 1, negative energy
resistance 3, poison resistance, slow healing 1, torment resistance, unbreathing
a: Receive Corpses, Torment, Renounce Religion


You were on level 1 of the Lair of Beasts.
You worshipped Kikubaaqudgha.
Kikubaaqudgha was extremely pleased with you.
You were not hungry.

You visited 4 branches of the dungeon, and saw 14 of its levels.

You collected 1038 gold pieces.
You spent 955 gold pieces at shops.

Inventory:

Hand weapons
 p - a +1 hand axe of chopping
 v - a +0 blowgun
Missiles
 w - 5 poisoned needles
 x - 5 javelins (quivered)
 B - 2 curare-tipped needles
Armour
 b - a +1 hat (worn)
 I - a +0 cloak (worn)
 O - a +0 robe (worn)
Magical staves
 S - an uncursed staff of wizardry (weapon)
Jewellery
 h - a ring of magical power (left claw)
 q - a ring of sustain abilities (right claw)
 r - an amulet of resist corrosion (around neck)
 s - an uncursed ring of fire
 A - a +4 ring of strength
 F - an uncursed ring of protection from magic
 G - an uncursed amulet of stasis
 R - an uncursed ring of stealth
Magical devices
 k - a wand of fireball (1)
 u - a wand of invisibility (0)
 y - a wand of confusion (28)
 E - a wand of magic darts (18)
 J - a wand of polymorph (14)
 N - a wand of teleportation (3)
Scrolls
 e - 2 scrolls of remove curse
 f - 3 scrolls of teleportation
 g - 8 scrolls of identify
 i - 2 scrolls of enchant armour
 j - 2 scrolls of recharging
 t - 2 scrolls of magic mapping
 C - a scroll of enchant weapon
 P - a scroll of amnesia
Potions
 d - 3 potions of curing
 l - a potion of magic
 m - a potion of resistance
 z - a potion of might
 H - a potion of cancellation {unknown}
 K - a potion of haste {unknown}
Books
 c - a book of Minor Magic

   Spells                             Type                      Level
   a - Magic Dart                     Conjuration                  1
   b - Blink                          Translocation                2
   c - Call Imp                       Summoning                    2
   d - Repel Missiles                 Charms/Air                   2
   e - Slow                           Hexes                        2
   f - Conjure Flame                  Conjuration/Fire             3
   g - Mephitic Cloud                 Conjuration/Poison/Air       3
 D - Kikubaaqudgha's Incunabulum of Dark Rites
   (Kikubaaqudgha gifted it to you on level 6 of the Dungeon)

   Spells                             Type                      Level
   a - Animate Skeleton               Necromancy                   1
   b - Pain                           Necromancy                   1
   c - Corpse Rot                     Necromancy                   2
   d - Regeneration                   Charms/Necromancy            3
   e - Control Undead                 Necromancy                   4
 Q - Kikubaaqudgha's Disquisition on Darkness
   (Kikubaaqudgha gifted it to you on level 10 of the Dungeon)

   Spells                             Type                      Level
   a - Animate Dead                   Necromancy                   4
   b - Agony                          Necromancy                   5
   c - Dispel Undead                  Necromancy                   5
   d - Simulacrum                     Ice/Necromancy               6
   e - Death Channel                  Necromancy                   6
 U - a book of Conjurations

   Spells                             Type                      Level
   a - Magic Dart                     Conjuration                  1
   b - Searing Ray                    Conjuration                  2
   c - Dazzling Spray                 Conjuration/Hexes            3
   d - Fulminant Prism                Conjuration/Hexes            4
   e - Iskenderun's Mystic Blast      Conjuration                  4
   f - Iskenderun's Battlesphere      Conjuration/Charms           5
 W - a book of Transfigurations

   Spells                             Type                      Level
   a - Stoneskin                      Transmutation/Earth          2
   b - Irradiate                      Conjuration/Transmutation    5
   c - Statue Form                    Transmutation/Earth          6
   d - Hydra Form                     Transmutation                6
   e - Dragon Form                    Transmutation                7
Miscellaneous
 T - an ornate deck of destruction
Comestibles
 a - 11 royal jellies
 n - 3 chunks of flesh
 o - 6 meat rations
 L - 2 beef jerkies
 M - a slice of pizza


   Skills:
 - Level 1.7 Dodging
 - Level 2.1 Stealth
 + Level 10.4 Spellcasting
 + Level 10.2 Conjurations
 - Level 0.8 Summonings
 - Level 4.0 Necromancy
 - Level 3.0 Translocations


You had 6 spell levels left.
You knew the following spells:

 Your Spells              Type           Power        Failure   Level  Hunger
a - Magic Dart            Conj           ####         1%          1    None
b - Blink                 Tloc           N/A          1%          2    None
c - Call Imp              Summ           ##......     4%          2    None
d - Dazzling Spray        Conj/Hex       ###.....     1%          3    None
f - Mephitic Cloud        Conj/Pois/Air  ###.....     3%          3    None
g - Corpse Rot            Necr           N/A          1%          2    None
o - Iskenderun's Battles  Conj/Chrm      ###.....     14%         5    #####..
r - Irradiate             Conj/Trmt      ###.......   14%         5    #####..
s - Animate Skeleton      Necr           N/A          1%          1    None


Dungeon Overview and Level Annotations

Branches:
Dungeon (10/15)            Temple (1/1) D:6            Lair (1/8) D:9
    Orc (2/4) D:10

Altars:
Ashenzari
Cheibriados
Dithmenos
Elyvilon
Fedhas
Gozag
Kikubaaqudgha
Makhleb
Nemelex Xobeh
Okawaru
Qazlal
Ru
Sif Muna
Trog
Vehumet
Xom
Yredelemnul
Zin
The Shining One

Shops:
D:9 :   D:10 =

Annotations:
D:5 exclusion: statue
D:7 aliceinspace's ghost, experienced DrFi


Innate Abilities, Weirdness & Mutations

Your body is rotting away.
You thrive on raw meat.
You have sharp fingernails.
You are carnivorous and can eat meat at any time.
Your flesh is cold resistant.
You are immune to negative energy.
Your system is resistant to poisons.
You heal slowly when monsters are visible.
You are immune to unholy pain and torment.
You can survive without breathing.


Message History

You feel less contaminated with magical energies.
Something bites the yak!
The river rat closely misses you.
Unknown command.
Casting: Irradiate
Confirm with . or Enter, or press ? or * to list all spells.
You erupt in a fountain of uncontrolled magic!
The river rat is blasted with magical radiation!
You kill the river rat!
Kikubaaqudgha accepts your kill.
The river rat is blasted with magical radiation!
You kill the river rat!
Kikubaaqudgha accepts your kill.
You are contaminated with residual magic.
Something bites the yak!
You see here a river rat corpse.
The yak gores you!
* * * LOW HITPOINT WARNING * * *
The yak gores you!
You die...
Kikubaaqudgha rasps: "You have failed me!
Welcome... oblivion!"

....>.<.........#......#
................+.⌠...#
................#..#..
...............Z##.....
..##+#+###.....ZZ.rY.YY
..# ##....=##†.#### .
..# +......###Y### ...
..# ##......#Y...##....
..# #......@Y†........#
. #.....##†Z..##....
#.....##....#
#.....####### ......#
...... ..... .


You could see 4 yaks and a friendly porcupine skeleton.

Vanquished Creatures
  Erolcha (D:9)
  A hill giant (D:10)
  A spiny frog (Lair:1)
  2 trolls
  A queen bee (D:10)
  2 hippogriffs
  3 yaks (Lair:1)
  A water moccasin (D:9)
  A wasp (D:10)
  A sky beast (D:8)
  2 necrophages
  5 ogres
  5 porcupines (Lair:1)
  6 orc warriors
  2 crocodiles (Lair:1)
  2 centaurs
  3 giant frogs
  2 big kobolds
  Blork the orc (D:9)
  2 jellies
  5 scorpions
  16 killer bees (D:10)
  5 wights
  An electric eel (D:10)
  A goliath beetle (D:7)
  A crimson imp (D:10)
  6 hounds
  14 orc priests
  A centaur skeleton (D:8)
  16 orc wizards
  A giant frog skeleton (D:10)
  2 iguanas
  A killer bee zombie (D:10)
  5 worker ants
  2 necrophage skeletons
  A worker ant zombie (D:10)
  13 river rats (Lair:1)
  7 adders
  3 shadow imps
  2 worms
  An adder zombie (D:6)
  An adder skeleton (D:8)
  10 orc skeletons
  66 orcs
  7 bats
  A bat zombie (D:3)
  9 giant cockroaches
  9 goblins
  16 hobgoblins
  20 kobolds
  7 giant geckos
  2 giant gecko skeletons
  5 giant newts
  2 hobgoblin skeletons
  8 jackals
  3 kobold skeletons
  A kobold zombie (D:6)
  2 quokkas
  14 rats
  2 ballistomycetes (D:8)
333 creatures vanquished.

Vanquished Creatures (collateral kills)
  Maurice (D:9)
  A komodo dragon (Lair:1)
  A two-headed ogre (D:9)
  A yak (Lair:1)
  Eustachio (D:10)
  A warg (Orc:2)
  A water moccasin (Lair:1)
  A phantom (D:10)
  An ice beast (D:10)
  4 orc warriors
  A black bear (D:10)
  3 giant frogs
  A scorpion (D:4)
  A wight (D:7)
  6 killer bees (D:10)
  2 hounds
  2 iguanas (D:4)
  A jelly (D:6)
  A quasit (D:10)
  A centaur skeleton (D:4)
  4 orc priests
  9 orc wizards
  3 worker ants
  A hound zombie (D:8)
  7 adders
  2 river rats (Lair:1)
  A giant mite (D:8)
  A worm (D:2)
  An ooze (D:2)
  23 orcs
  2 giant cockroaches
  9 goblins
  A hobgoblin (D:8)
  4 kobolds
  2 quokkas (Lair:1)
  2 bats
  A jackal zombie (D:6)
  An orc skeleton (Orc:1)
  2 rats (D:7)
  A ballistomycete (D:8)
  A fungus (Lair:1)
110 creatures vanquished.

Vanquished Creatures (others)
  A hill giant skeleton (D:10)
  A spiny frog skeleton (Lair:1)
  2 killer bees (D:10)
  A hippogriff skeleton (D:10)
  A centaur skeleton (D:7)
  A black bear skeleton (D:10)
  2 porcupine skeletons (Lair:1)
  A crocodile skeleton (Lair:1)
  3 hound skeletons
  A shadow imp (D:9)
  4 white imps
  3 adder skeletons
  2 giant spores
  A goblin skeleton (D:8)
  2 hobgoblin skeletons
  5 kobold skeletons
  25 orc skeletons
  A quokka skeleton (Lair:1)
  3 rat skeletons
  5 river rat skeletons (Lair:1)
  3 ballistomycetes
  A fungus (Lair:1)
69 creatures vanquished.

Grand Total: 512 creatures vanquished

Notes
Turn   | Place    | Note
--------------------------------------------------------------
     0 | D:1      | RepoMan, the Ghoul Wizard, began the quest for the Orb.
     0 | D:1      | Reached XP level 1. HP: 14/14 MP: 3/3
   183 | D:1      | Reached skill level 1 in Conjurations
   483 | D:1      | Reached XP level 2. HP: 19/19 MP: 4/5
   487 | D:1      | Learned a level 2 spell: Blink
   490 | D:1      | Learned a level 2 spell: Call Imp
   751 | D:1      | Reached skill level 3 in Spellcasting
   925 | D:1      | Reached XP level 3. HP: 26/26 MP: 8/8
  1396 | D:2      | Reached skill level 1 in Translocations
  1430 | D:2      | Found a sacrificial altar of Ru.
  1944 | D:3      | Reached XP level 4. HP: 16/33 MP: 2/8
  1976 | D:3      | Learned a level 3 spell: Mephitic Cloud
  2229 | D:3      | Found a sacrificial altar of Ru.
  2628 | D:4      | Found a shadowy altar of Dithmenos.
  2676 | D:4      | Reached XP level 5. HP: 38/38 MP: 5/11
  3208 | D:4      | Found a stormy altar of Qazlal.
  3358 | D:4      | Reached skill level 4 in Spellcasting
  3468 | D:4      | Reached XP level 6. HP: 15/44 MP: 6/14
  4259 | D:5      | Entered Level 5 of the Dungeon
  4392 | D:5      | Found a radiant altar of Vehumet.
  5090 | D:5      | Reached XP level 7. HP: 50/50 MP: 13/15
  5285 | D:5      | Found a bloodstained altar of Trog.
  5394 | D:6      | Found a glowing golden altar of the Shining One.
  5452 | D:6      | Reached skill level 5 in Spellcasting
  5539 | D:6      | Found a staircase to the Ecumenical Temple.
  5547 | Temple   | Entered the Ecumenical Temple
  5611 | Temple   | Became a worshipper of Kikubaaqudgha
  5850 | D:6      | Noticed a troll
  5859 | D:6      | Reached XP level 8. HP: 16/56 MP: 18/19
  6239 | D:6      | Killed a troll
  6239 | D:6      | Reached skill level 6 in Spellcasting
  6239 | D:6      | Reached skill level 5 in Conjurations
  6525 | D:6      | Acquired Kikubaaqudgha's first power
  6525 | D:6      | Received a gift from Kikubaaqudgha
  6526 | D:6      | Identified Kikubaaqudgha's Incunabulum of Dark Rites (Kikubaaqudgha gifted it to you on level 6 of the Dungeon)
  6542 | D:6      | Learned a level 1 spell: Animate Skeleton
  6545 | D:6      | Learned a level 2 spell: Corpse Rot
  6950 | D:7      | Reached skill level 1 in Necromancy
  7186 | D:6      | Found a glowing silver altar of Zin.
  7186 | D:6      | Found a shattered altar of Ashenzari.
  7404 | D:7      | Reached XP level 9. HP: 57/57 MP: 22/22
  7783 | D:7      | Noticed aliceinspace's ghost (experienced DrFi)
  8244 | D:8      | Acquired Kikubaaqudgha's second power
  8478 | D:8      | Reached skill level 7 in Spellcasting
  8582 | D:8      | Noticed a gargoyle
  8637 | D:9      | Noticed Maurice
  8672 | D:9      | Killed Maurice
  8968 | D:9      | Found an iron altar of Okawaru.
  8969 | D:9      | Noticed Blork the orc
  8984 | D:9      | Killed Blork the orc
  8990 | D:9      | Reached XP level 10. HP: 69/69 MP: 25/25
  9028 | D:9      | Found a staircase to the Lair.
  9059 | D:9      | Found a glowing golden altar of the Shining One.
  9062 | D:9      | Noticed Erolcha
  9067 | D:9      | Your ally Blork died
  9080 | D:9      | Killed Erolcha
  9080 | D:9      | Reached skill level 8 in Spellcasting
  9121 | D:9      | Found a snail-covered altar of Cheibriados.
  9172 | D:9      | Found Usisuadu's Book Emporium.
  9810 | D:10     | Entered Level 10 of the Dungeon
  9963 | D:10     | Noticed a hill giant
  9997 | D:10     | Killed a hill giant
 10200 | D:10     | Found a staircase to the Orcish Mines.
 10253 | D:10     | Received a gift from Kikubaaqudgha
 10254 | D:10     | Identified Kikubaaqudgha's Disquisition on Darkness (Kikubaaqudgha gifted it to you on level 10 of the Dungeon)
 10457 | D:10     | Noticed Eustachio
 10476 | D:10     | Reached skill level 9 in Spellcasting
 10490 | D:10     | Found Mupa's Jewellery Shop.
 10500 | D:10     | Killed Eustachio
 10535 | D:10     | Bought a cursed amulet of inaccuracy for 20 gold pieces
 11101 | D:10     | Reached XP level 11. HP: 49/74 MP: 12/28
 11354 | D:10     | Acquired Kikubaaqudgha's third power
 11588 | Orc:1    | Entered Level 1 of the Orcish Mines
 12200 | Orc:1    | Found a flagged portal.
 12293 | Orc:2    | Found a burning altar of Makhleb.
 12663 | Orc:2    | Acquired Kikubaaqudgha's fourth power
 13009 | Orc:2    | Reached skill level 10 in Spellcasting
 13594 | D:9      | Bought a book of Conjurations for 330 gold pieces
 13594 | D:9      | Bought a book of Transfigurations for 605 gold pieces
 13600 | D:9      | Learned a level 5 spell: Irradiate
 13606 | D:9      | Learned a level 5 spell: Iskenderun's Battlesphere
 13631 | Lair:1   | Entered Level 1 of the Lair of Beasts
 13697 | Lair:1   | Reached skill level 10 in Conjurations
 13891 | Lair:1   | Learned a level 3 spell: Dazzling Spray
 13946 | Lair:1   | Slain by a yak

Action                   |  1- 3 |  4- 6 |  7- 9 | 10-12 || total
-------------------------+-------+-------+-------+-------++-------
Melee: Unarmed           |    46 |    29 |       |       ||    75
       Hand axe          |       |     5 |   101 |     2 ||   108
       Staff             |       |       |       |    11 ||    11
 Fire: Blowgun           |       |       |    90 |    48 ||   138
Throw: Stone             |       |       |       |     1 ||     1
 Cast: Magic Dart        |    97 |   133 |   197 |   432 ||   859
       Call Imp          |     9 |    37 |    13 |     6 ||    65
       Blink             |     1 |       |     4 |    15 ||    20
       Mephitic Cloud    |       |     5 |    30 |    78 ||   113
       Animate Skeleton  |       |       |    25 |    79 ||   104
       Corpse Rot        |       |       |       |     4 ||     4
       Irradiate         |       |       |       |     7 ||     7
       Iskenderun's Batt |       |       |       |     4 ||     4
Evoke: Wand              |     1 |       |     2 |     1 ||     4
  Use: Potion            |     1 |     2 |     4 |     1 ||     8
       Scroll            |       |     9 |     3 |     2 ||    14
 Stab: Sleeping          |     1 |     1 |     1 |       ||     3
       Confused          |       |     1 |    10 |     5 ||    16
       Distracted        |       |     1 |       |       ||     1
  Eat: Chunk             |     9 |    18 |    31 |    49 ||   107
